 Dungeon Crawl Stone Soup version 0.26-a0-658-gbdda728c12 (webtiles) character file.

Game seed: 12988556338256913862

25 elmdor the Ruffian (level 2, 0/29 HPs)
             Began as a Troll Delver on Oct 4, 2020.
             Succumbed to a worker ant's poison
             ... on level 4 of the Dungeon.
             The game lasted 00:00:26 (47 turns).

elmdor the Ruffian (Troll Delver)                     Turns: 47, Time: 00:00:27

Health: 0/29       AC:  6    Str: 19    XL:     2   Next: 82%
Magic:  1/1        EV: 10    Int:  6    God:
Gold:   0          SH:  0    Dex: 11    Spells: 1/1 levels left

rFire    . . .     SeeInvis .     - Unarmed
rCold    . . .     Faith    .   (no shield)
rNeg     . . .     Spirit   .   a - +0 robe
rPois    .         Reflect  .   (helmet restricted)
rElec    .         Harm     .   (no cloak)
rCorr    .         Rampage  .   (gloves unavailable)
MR       .....                  (boots unavailable)
Stlth    ++........             (no amulet)
HPRegen  0.49/turn              (no ring)
MPRegen  0.07/turn              (no ring)

@: lethally poisoned (0 -> -5), invisible
A: large, unfitting armour, claws 3, regeneration 1, shaggy fur 1, tough skin 3
a: no special abilities


You were on level 4 of the Dungeon.
You visited 1 branch of the dungeon, and saw 2 of its levels.

Inventory:

Armour
 a - a +0 robe (worn)
Wands
 f - a wand of digging (3)
Scrolls
 b - a scroll of fog
 c - a scroll of magic mapping
 d - a scroll of fear
Potions
 e - a potion of haste


   Skills:
 - Level 2.4 Fighting
 - Level 1.5 Dodging
 - Level 2.7 Stealth
 + Level 3.4 Unarmed Combat


You had one spell level left.
You didn't know any spells.
Your spell library was empty.

Dungeon Overview and Level Annotations

Branches:
Dungeon (5/15)
 Temple: D:4-7

Altars:

Annotations:
D:4 1 runed translucent door, rogsnak's ghost, amateur KoEE


Innate Abilities, Weirdness & Mutations

You are too large for most types of armour.
You have claws for hands.
Your natural rate of healing is unusually fast.
You are covered in fur. (AC +1)
You have extremely tough skin. (AC +3)


Message History

You feel sick. The worker ant closely misses you. The worker ant bites you.
You closely miss the worker ant.
The worker ant is severely wounded.
You feel sick. The worker ant bites you.
You are more poisoned.
The worker ant poisons you!
You scratch the worker ant but do no damage.
The worker ant is severely wounded.
You feel sick. The worker ant bites you!
* * * LOW HITPOINT WARNING * * *
You scratch the worker ant.
You kill the worker ant!
Your Unarmed Combat skill increases to level 3!
You have reached level 2!
* * * LOW HITPOINT WARNING * * *
You feel sick.
Unknown command.
It was a potion of invisibility.
You fade into invisibility!
You die...

####### #.....#
########.
###.....########........
#>......@B..............
#.#.....##..............
#.########..............
#.# ######......).. #.#
#......... #.#
#.#..##### #.. ..(....
### #.##..## #.# #.#


You could see a worker ant.

Vanquished Creatures
  A worker ant (D:4)
1 creature vanquished.

Vanquished Creatures (others)
  A withered plant (D:4)
1 creature vanquished.

Grand Total: 2 creatures vanquished

Notes
Turn   | Place    | Note
-------+----------+-------------------------------------------
     0 | D:5      | elmdor the Troll Delver began the quest for the Orb.
     0 | D:5      | Reached XP level 1. HP: 22/22 MP: 0/0
     3 | D:4      | Found a runed translucent door.
     3 | D:4      | Noticed rogsnak's ghost (amateur KoEE)
     3 | D:4      | Noticed an orc wizard
    28 | D:4      | Noticed a worker ant
    31 | D:4      | Noticed a worker ant
    45 | D:4      | HP: 1/22 [worker ant (8)]
    46 | D:4      | Killed a worker ant
    46 | D:4      | Reached skill level 3 in Unarmed Combat
    46 | D:4      | Reached XP level 2. HP: 2/29 MP: 1/1
    47 | D:4      | Succumbed to a worker ant's poison

Illustrated notes

Levels and vault maps discovered:
D:4:      layout_basic, nicolae_qazlal_eye_of_the_storm, gammafunk_ghost_grave
D:5:      layout_cave_pools, hangedman_abyss_or_decor_stabs

Skill      XL: |  1 |
---------------+----+-----
Unarmed Combat | 3 |  3.4
Fighting       | |  2.4
Dodging        | |  1.5
Stealth        | |  2.7

Action                   || total
-------------------------++-------
Melee: Unarmed           ||     6
  Use: Potion            ||     1
Armor: Robe              ||     1
Dodge: Dodged            ||     2

Table legend: (Time is in decaauts)
 A = Elapsed time spent in this place.
 B = Non-inter-level travel time spent in this place.
 C = Inter-level travel time spent in this place.
 D = Time resting spent in this place.
 E = Time spent auto-exploring this place.
 F = Levels seen in this place.
 G = Mean time per level.
                   A        B        C        D        E       F      G
               +--------+--------+--------+--------+--------+-----+--------+
         Total |     47 |     47 |      0 |      0 |     12 |   2 |   23.5 |
       Dungeon |     47 |     47 |      0 |      0 |     12 |   2 |   23.5 |
               +--------+--------+--------+--------+--------+-----+--------+

Top non-repeatable levels by time:
     D:4: 35 daAuts
     D:5: 11 daAuts
